 Dungeon Crawl Stone Soup version 0.19.4-8-ga85b6b9 (webtiles) character file.

2 Gargoyl the Skirmisher (level 1, 16/19 HPs)
             Began as a Ghoul Abyssal Knight on Feb 7, 2017.
             Was an Initiate of Lugonu.
             Quit the game on level 1 of the Dungeon.
             The game lasted 00:01:09 (263 turns).

Gargoyl the Skirmisher (Ghoul Abyssal Knight)        Turns: 263, Time: 00:01:09

Health: 16/19      AC:  9    Str: 15    XL:     1   Next: 30%
Magic:  1/1        EV:  9    Int: 10    God:    Lugonu [......]
Gold:   10         SH:  2    Dex:  4    Spells: 0 memorised, 0 levels left

rFire  . . .     SeeInvis +     a - +1 hand axe
rCold  + . .     Gourm    .     h - +4 ring mail "Poch" {Int+3 Dex-4 SInv}
rNeg   + + +     Faith    .     f - +0 buckler
rPois  ∞         Spirit   .     (no helmet)
rElec  .         Reflect  .     (no cloak)
rCorr  .         Harm     .     (no gloves)
MR     .....                    (no boots)
Stlth  ..........               (no amulet)
                                (no ring)
                                (no ring)

@: rotting
A: rotting body, claws 1, carnivore 3, cold resistance 1, negative energy
resistance 3, slow regeneration 1, torment resistance, unbreathing
a: Renounce Religion


You were on level 1 of the Dungeon.
You worshipped Lugonu.
Lugonu was noncommittal.
You were not hungry.

You visited 1 branch of the dungeon, and saw 1 of its levels.
You visited the Abyss 1 time.

You collected 10 gold pieces.

Inventory:

Hand Weapons
 a - a +1 hand axe (weapon)
Armour
 b - a +0 leather armour
 d - a +0 ring mail
 f - a +0 buckler (worn)
 h - the +4 ring mail "Poch" (worn) {Int+3 Dex-4 SInv}
   (You acquired it on level 1 of the Dungeon)

   It affects your intelligence (+3).
   It affects your dexterity (-4).
   It lets you see invisible.
 i - a +0 scale mail
Potions
 e - a potion of curing {unknown}
 g - a potion of agility {unknown}
Comestibles
 c - a meat ration


   Skills:
 + Level 3.4 Fighting
 + Level 1.8 Axes
 + Level 1.7 Armour
 + Level 0.8 Dodging
 + Level 2.0 Invocations


You couldn't memorise any spells.
You didn't know any spells.

Dungeon Overview and Level Annotations

Branches:
Dungeon (1/15)

Altars:


Innate Abilities, Weirdness & Mutations

Your body is rotting away.
You thrive on raw meat.
You are immune to poison.
You have sharp fingernails.
You are carnivorous and can eat meat at any time.
Your flesh is cold resistant. (rC+)
You are immune to negative energy. (rN+++)
You regenerate slowly when monsters are visible.
You are immune to unholy pain and torment.
You can survive without breathing.


Message History

Lugonu accepts your kill.
A goblin comes into view. It is wielding a club.
The goblin shouts!
The goblin closely misses you.
You closely miss the goblin. The goblin closely misses you.
You closely miss the goblin. The goblin closely misses you.
You hit the goblin.
The goblin is heavily wounded.
The goblin hits you with a club.
You hit the goblin.
You kill the goblin!
Lugonu accepts your kill.
You see here a club.
You start removing your armour.
You continue taking off your +0 ring mail. x4
You finish taking off your +0 ring mail.
You start putting on your armour.
You continue putting on your smoking ring mail. x5
You finish putting on the +4 ring mail "Poch" {Int+3 Dex-4 SInv}.
Are you sure you want to abandon this character and quit the game? (Confirm with "yes".)

.. #.. ##.# #..
...# #.. #..#
#.. #..# #..
###..##
#..##.....#
#.......$.#
#...)...@.#
#.........###..
#..##..<.......
#.. #..........
#..
####.####..#
#.. #.# .# #..
#.# # #.. #.#
.#


There were no monsters in sight!

Vanquished Creatures
  A goblin (D:1)
  A rat (D:1)
2 creatures vanquished.

Notes
Turn   | Place    | Note
-------+----------+-------------------------------------------
     0 | Abyss:1  | Gargoyl the Ghoul Abyssal Knight began the quest for the Orb.
     0 | Abyss:1  | Reached XP level 1. HP: 19/19 MP: 1/1
     2 | Abyss:1  | Found a corrupted altar of Lugonu.
    33 | Abyss:1  | Found a basalt altar of Yredelemnul.
   119 | Abyss:1  | Noticed an ancient zyme
   135 | Abyss:1  | Noticed an iron imp
   138 | Abyss:1  | Found a basalt altar of Yredelemnul.
   193 | Abyss:3  | Noticed a large abomination
   229 | D:1      | Escaped the Abyss
   230 | D:1      | Identified a scroll of acquirement
   231 | D:1      | Got a smoking ring mail
   263 | D:1      | Identified the +4 ring mail "Poch" {Int+3 Dex-4 SInv} (You acquired it on level 1 of the Dungeon)
   263 | D:1      | Quit the game

Action                   || total
-------------------------++-------
Melee: Hand axe          ||     5
Invok: Depart the Abyss  ||     1
  Use: Scroll            ||     1
Dodge: Dodged            ||     4
